 Dungeon Crawl Stone Soup version 0.25.0-33-gff14898491 (console) character file.

Game seed: 7703364103914902095

70 Colgate the Skirmisher (level 4, 0/37 HPs)
             Began as a Formicid Chaos Knight on July 7, 2020.
             Was a Plaything of Xom.
             Succumbed to an adder's poison
             ... on level 3 of the Dungeon.
             The game lasted 00:32:50 (2717 turns).

Colgate the Skirmisher (Formicid Chaos Knight)      Turns: 2717, Time: 00:32:51

Health: 0/37       AC:  3    Str: 15 (16) XL:     4   Next: 44%
Magic:  4/4        EV: 11    Int:  8 (12) God:    Xom [....*.]
Gold:   133        SH:  0    Dex:  9 (11) Spells: 3/3 levels left

rFire    . . .     SeeInvis +   a - +0 falchion (chaos)
rCold    . . .     Gourm    .   (no shield)
rNeg     . . .     Faith    .   b - +2 leather armour
rPois    .         Spirit   .   (helmet unavailable)
rElec    .         Reflect  .   (no cloak)
rCorr    .         Harm     .   (no gloves)
MR       .....                  (no boots)
Stlth    +.........             (no amulet)
HPRegen  0.12/turn              (no ring)
MPRegen  0.09/turn              (no ring)

@: lethally poisoned (0 -> -9)
A: permanent stasis, dig shafts and tunnels, four strong arms, antennae 3,
deformed body
a: Dig, Shaft Self, Renounce Religion


You were on level 3 of the Dungeon.
You worshipped Xom.
You were a beloved toy of Xom.
You were not hungry.

You visited 1 branch of the dungeon, and saw 3 of its levels.

You collected 133 gold pieces.

Inventory:

Hand Weapons
 a - a +0 falchion of chaos (weapon)
 l - a +0 short sword of venom
Missiles
 e - 13 sling bullets
 h - 27 arrows
 i - 81 stones (quivered)
 m - an atropa-tipped dart
Armour
 b - a +2 leather armour (worn)
Scrolls
 f - 2 scrolls of enchant weapon {unknown}
 j - 2 scrolls of teleportation
 n - 2 scrolls of identify
Potions
 g - a potion of haste
 o - a potion of berserk rage {unknown}
Comestibles
 c - 4 rations
 k - a chunk of flesh


   Skills:
 - Level 4.0 Fighting
 - Level 4.0 Long Blades
 + Level 1.6 Throwing
 - Level 2.1 Armour
 - Level 0.8 Dodging


You had 3 spell levels left.
You didn't know any spells.
Your spell library was empty.

Dungeon Overview and Level Annotations

Branches:
Dungeon (3/15)

Altars:
Elyvilon
Qazlal
Sif Muna
Xom


Innate Abilities, Weirdness & Mutations

You cannot be hasted, slowed, berserked, paralysed or teleported.
You can dig through walls and to a lower floor.
Your four strong arms can wield two-handed weapons with a shield.
You have a pair of large antennae on your head. (SInv)
Armour fits poorly on your strangely shaped body.


Message History

You feel sick. The adder bites you.
* * * LOW HITPOINT WARNING * * *
You barely miss the adder.
The adder is severely wounded.
* * * LOW HITPOINT WARNING * * *
You feel sick. The adder bites you but does no damage. The adder bites you.
* * * LOW HITPOINT WARNING * * *
You barely miss the adder.
The adder is severely wounded.
* * * LOW HITPOINT WARNING * * *
You feel sick. The adder closely misses you.
You hit the adder. You burn the adder.
The adder is almost dead.
* * * LOW HITPOINT WARNING * * *
You feel sick. The adder closely misses you. The adder bites you.
* * * LOW HITPOINT WARNING * * *
It was a potion of magic.
Magic courses through your body.
Xom thinks this is hilarious!
You die...
Xom cackles wildly!

##.#.............. ..
#.##.###.######### ...
##.##.#...........# ....
........########.##.....
...............รท........
##.##.#.#.####.#.##.....
#.##.#.# #.<#.#.# ..##
#.##.#.# #......#####..
...##.# #.#..........# #
.####.# #....###.....#
...# .# ###..# #@##..#
##.##.#......##..S#..#
..................(....
.#.# ......#..#...##...
...# #######..##.## .#
...# #.....# .. ...##
#...... . ....# #####_.
....# ......# ....#.#


You could see an adder.

Vanquished Creatures
  A river rat (D:2)
  An adder skeleton (D:3)
  A worm (D:2)
  2 dart slugs (D:2)
  An orc (D:3)
  2 giant cockroaches (D:2)
  4 goblins
  4 hobgoblins
  9 jackals
  A ball python (D:2)
  5 bats
  6 frilled lizards
  9 kobolds
  3 rats
49 creatures vanquished.

Vanquished Creatures (others)
  A jackal (D:1)
1 creature vanquished.

Grand Total: 50 creatures vanquished

Notes
Turn   | Place    | Note
-------+----------+-------------------------------------------
     0 | D:1      | Colgate the Formicid Chaos Knight began the quest for the
                  | Orb.
     0 | D:1      | Reached XP level 1. HP: 18/18 MP: 1/1
    35 | D:1      | Reached XP level 2. HP: 14/25 MP: 2/2
   484 | D:1      | XOM: silly message
   642 | D:1      | XOM: cloud trail
  1067 | D:1      | XOM: summons 1 hostile shadow creature
  1361 | D:2      | Reached XP level 3. HP: 27/30 MP: 3/3
  1375 | D:2      | XOM: stat loss: -1 Int (7/11)
  1589 | D:2      | Found a stormy altar of Qazlal.
  1589 | D:2      | Noticed an air elemental
  1590 | D:2      | Noticed a water elemental
  1590 | D:2      | Noticed an earth elemental
  1590 | D:2      | Noticed a fire elemental
  1614 | D:2      | Found a shimmering altar of Xom.
  1668 | D:2      | XOM: polymorph dart slug -> river rat
  2012 | D:2      | Reached XP level 4. HP: 37/37 MP: 4/4
  2122 | D:2      | Reached skill level 1 in Throwing
  2203 | D:2      | XOM: give mutation
  2203 | D:2      | Gained mutation: Armour fits poorly on your strangely
                  | shaped body. [Xom's mischief]
  2396 | D:2      | Found a shimmering blue altar of Sif Muna.
  2674 | D:3      | Found a white marble altar of Elyvilon.
  2699 | D:3      | XOM: repel stairs
  2716 | D:3      | HP: 1/37 [adder (1)]
  2717 | D:3      | Succumbed to an adder's poison

Illustrated notes

Levels and vault maps discovered:
D:1:      dpeg_arrival_brainrot, layout_basic
D:2:      layout_basic, nicolae_qazlal_style_of_elements, xom_teletrap_fun,
          marbit_many_paths, first_ration, nrook_uturn
D:3:      layout_basic, nicolae_overflow_crystal_walls, lemuel_doored_altar,
          gammafunk_ghost_mausoleum

Skill      XL: |  1  2  3  4 |
---------------+-------------+-----
Fighting       | 4 |  4.0
Long Blades    | 4 |  4.0
Throwing       | 1 |  1.6
Armour         | |  2.1
Dodging        | |  0.8

Action                   |  1- 3 |  4- 6 || total
-------------------------+-------+-------++-------
Melee: Falchion          |    97 |    42 ||   139
Throw: Stone             |    70 |    50 ||   120
       Dart              |       |     6 ||     6
 Abil: Dig               |     5 |     2 ||     7
  Use: Scroll            |     3 |       ||     3
       Potion            |     1 |     1 ||     2
  Eat: Chunk             |     4 |     2 ||     6
Armor: Leather armour    |    29 |    12 ||    41
Dodge: Dodged            |    40 |    18 ||    58
       Rpst.: Falchion   |    14 |     5 ||    19
